 Dungeon Crawl Stone Soup version 0.15.0-14-g6bbbb5c (webtiles) character file.

27092 MDvedh the Bludgeoner (level 13, -1/66 HPs)
             Began as a Gargoyle Gladiator on Sept 4, 2014.
             Was a High Priest of Okawaru.
             Slain by Maud
             ... wielding a +4 great sword
              (31 damage)
             ... on Level 5 of the Lair of Beasts.
             The game lasted 00:38:15 (15786 turns).

MDvedh the Bludgeoner (Gargoyle Gladiator)         Turns: 15786, Time: 00:38:16

HP  -1/66        AC 31     Str 20      XL: 13   Next: 30%
MP  23/23        EV 13     Int  9      God: Okawaru [*****.]
Gold 1011        SH  0     Dex 14      Spells:  0 memorised, 12 levels left

rFire  + . .     SeeInvis .     J - +1 morningstar (crush)
rCold  . . .     Clarity  .     t - +1 chain mail {rF+}
rNeg   + + .     rCorr    .     (no shield)
rPois  +         rRot     +     A - +0 helmet
rElec  +         Spirit   .     k - +2 cloak
SustAb .         Warding  +     j - +0 pair of gloves
rMut   .         Stasis   .     q - +2 pair of boots
Gourm  .                        w - amulet of warding
MR     +....                    l - ring of protection from magic
                                p - +5 ring of evasion

@: somewhat resistant to hostile enchantments, extremely unstealthy
A: negative energy resistance 1, electricity resistance, unbreathing,
petrification resistance, rot immunity, AC +9
a: Heroism, Finesse, Renounce Religion


You were on level 5 of the Lair of Beasts.
You worshipped Okawaru.
Okawaru was extremely pleased with you.
You were not hungry.

You visited 3 branches of the dungeon, and saw 16 of its levels.
You also visited: Volcano.

You collected 1011 gold pieces.

Inventory:

Hand weapons
 D - a +1 antimagic flail
 J - a +1 morningstar of crushing (weapon)
Missiles
 d - 4 throwing nets (quivered)
Armour
 j - a +0 pair of gloves (worn)
 k - a +2 cloak (worn)
 q - a +2 pair of boots (worn)
 t - a +1 chain mail of fire resistance (worn)
 A - a +0 helmet (worn)
Magical devices
 n - a wand of magic darts (11)
 v - a wand of polymorph (5)
 z - a wand of lightning (5)
 Q - a wand of disintegration (6)
Comestibles
 G - 9 bread rations
 L - a slice of pizza
 N - a meat ration
Scrolls
 b - 3 scrolls of teleportation
 f - 4 scrolls of magic mapping
 g - a scroll of summoning
 h - 8 scrolls of recharging
 i - 6 scrolls of remove curse
 m - a scroll of fear
 s - 4 scrolls of amnesia
 E - 2 scrolls of identify
 F - a scroll of noise
 H - 4 scrolls of enchant armour
 P - a scroll of silence
Jewellery
 e - an uncursed ring of positive energy
 l - a ring of protection from magic (right hand)
 p - a +5 ring of evasion (left hand)
 r - an uncursed ring of protection from fire
 w - an amulet of warding (around neck)
 y - the ring of Shadows {Umbra +Inv rN+ SInv}
   (You found it on level 8 of the Dungeon)

   [ring of invisibility]

   It protects you from negative energy.
   It enhances your eyesight.
   It lets you turn invisible.
 K - an uncursed ring of sustain abilities {unknown}
 M - a cursed -3 ring of protection {unknown}
Potions
 a - a potion of cancellation
 c - 5 potions of curing
 o - 2 potions of resistance {unknown}
 u - 2 potions of flight {unknown}
 x - 2 potions of heal wounds
 B - a potion of might
 C - a potion of mutation {unknown}
 I - 2 potions of restore abilities {unknown}
 O - a potion of magic {unknown}


   Skills:
 - Level 2.1 Fighting
 - Level 16.0 Maces & Flails
 - Level 2.0 Throwing
 - Level 9.4 Armour
 + Level 9.3 Dodging
 + Level 6.3 Invocations


You had 12 spell levels left.
You didn't know any spells.

Dungeon Overview and Level Annotations

Branches:
Dungeon (10/15)            Temple (1/1) D:4            Lair (5/8) D:10
  Swamp (0/5) Lair:3        Snake (0/5) Lair:5
    Orc: D:9-12

Altars:
Ashenzari
Cheibriados
Dithmenos
Elyvilon
Fedhas
Kikubaaqudgha
Makhleb
Nemelex Xobeh
Okawaru
Qazlal
Sif Muna
Trog
Vehumet
Xom
Yredelemnul
Zin
The Shining One

Shops:
D:8 %

Annotations:
Lair:5 Maud


Innate Abilities, Weirdness & Mutations

You are resistant to torment.
You are immune to poison.
Your stone body is very resilient (AC +9).
You resist negative energy.
You are resistant to electric shocks.
You can survive without breathing.
You are immune to petrification.
You are immune to rotting.


Message History

You see here a giant frog corpse.
You hit Maud.
Maud is lightly wounded.
You puncture Maud!
Maud is lightly wounded.
Maud hits you but does no damage.
You sock Maud!
Maud is moderately wounded.
You closely miss Maud.
Maud is moderately wounded.
Maud hits you with a glowing great sword!
You sock Maud!
Maud is heavily wounded.
You hit Maud but do no damage.
Maud is heavily wounded.
Maud hits you with a glowing great sword!
You hit Maud.
Maud is heavily wounded.
Maud hits you with a glowing great sword!!
You die...

... ... ... . .
####.#### .....
≈≈♣....## .....#
.≈.≈≈..# .....# . #
♣♣.♣♣≈≈# #....#
.....#P♣♣...♣P.###....##
.......@@.>)))........P#
....##.♣♣...♣♣.#.......#
# ♣♣)♣♣..#.......#
≈≈.♣PP≈###....##
♣...♣P≈###.....##
###.### #.#....P# ...
##......## ... ##....##.
... #......#


You could see Maud.

Vanquished Creatures
  A centaur warrior (Volcano)
  4 death yaks (Lair:3)
  The ghost of Tolias the Carver, an experienced DEWr of Cheibriados (D:8)
  An unseen horror (D:10)
  An ugly thing (D:9)
  The ghost of Starve the Slasher, an experienced MiSk of Ashenzari (D:6)
  5 black mambas
  2 gargoyles (D:10)
  A torpor snail (Lair:4)
  4 yaktaurs (Volcano)
  8 spiny frogs
  A troll (D:10)
  2 komodo dragons
  A fire drake (D:10)
  14 blink frogs
  A two-headed ogre (D:10)
  A basilisk (Lair:4)
  23 yaks
  A spriggan (D:7)
  A hungry ghost (D:10)
  7 hippogriffs
  10 wolves
  6 porcupines
  The ghost of MDvedh the Cudgeler, an average GrGl (D:3)
  5 water moccasins
  4 nagas (Lair:5)
  3 phantoms
  3 ice beasts
  4 orc warriors
  2 sky beasts (D:8)
  4 centaurs
  6 crocodiles
  Sigmund (D:4)
  2 big kobolds
  14 giant frogs
  A scorpion (D:4)
  2 troll zombies
  7 killer bees
  7 electric eels (Lair:3)
  3 goliath beetles
  3 crimson imps
  9 hounds
  A centaur zombie (D:9)
  A jelly (D:7)
  An orc priest (D:10)
  Crazy Yiuf (D:3)
  A two-headed ogre zombie (D:7)
  An orc wizard (D:10)
  A giant frog skeleton (D:7)
  10 iguanas
  A black bear skeleton (D:7)
  6 orange rats (Lair:2)
  7 worker ants
  Ijyb (D:7)
  20 adders
  28 green rats
  2 shadow imps (D:6)
  An inept item mimic (D:8)
  2 giant mites
  3 worms (D:3)
  5 giant geckos
  20 orcs
  11 bats
  A bat zombie (D:6)
  4 giant cockroaches
  11 goblins
  8 hobgoblins
  4 jackals (D:1)
  4 oozes
  12 quokkas
  3 ball pythons
  6 giant newts
  A goblin skeleton (D:5)
  A goblin zombie (D:5)
  A jackal skeleton (D:7)
  23 kobolds
  A kobold skeleton (D:6)
  A quokka zombie (D:7)
  12 rats
  2 fungi (D:3)
397 creatures vanquished.

Vanquished Creatures (others)
  An electric eel (Lair:3)
1 creature vanquished.

Grand Total: 398 creatures vanquished

Notes
Turn   | Place    | Note
--------------------------------------------------------------
     0 | D:1      | MDvedh, the Gargoyle Gladiator, began the quest for the Orb.
     0 | D:1      | Reached XP level 1. HP: 12/12 MP: 1/1
    80 | D:1      | Found a sparkling altar of Nemelex Xobeh.
   159 | D:1      | Reached XP level 2. HP: 15/17 MP: 2/2
   650 | D:1      | Reached skill level 4 in Maces & Flails
   814 | D:2      | Reached XP level 3. HP: 19/21 MP: 3/3
  1377 | D:3      | Noticed a phantom
  1415 | D:3      | Killed a phantom
  1415 | D:3      | Reached skill level 5 in Maces & Flails
  1415 | D:3      | Reached XP level 4. HP: 18/26 MP: 4/4
  1415 | D:3      | Reached XP level 5. HP: 20/30 MP: 5/5
  1687 | D:3      | Reached skill level 6 in Maces & Flails
  1693 | D:3      | Noticed MDvedh's ghost (average GrGl)
  1784 | D:3      | HP: 1/30 [MDvedh's ghost (1)]
  2420 | D:3      | Killed MDvedh's ghost
  2420 | D:3      | Reached XP level 6. HP: 21/35 MP: 6/6
  2646 | D:3      | Reached skill level 7 in Maces & Flails
  3026 | D:3      | Noticed Crazy Yiuf
  3043 | D:3      | Killed Crazy Yiuf
  3547 | D:4      | Found a staircase to the Ecumenical Temple.
  3553 | Temple   | Entered the Ecumenical Temple
  3669 | D:4      | Reached XP level 7. HP: 38/40 MP: 2/7
  3695 | D:4      | Noticed Sigmund
  3710 | D:4      | Killed Sigmund
  3710 | D:4      | Reached skill level 8 in Maces & Flails
  4511 | D:5      | Entered Level 5 of the Dungeon
  4890 | D:5      | Reached skill level 9 in Maces & Flails
  5165 | D:5      | Reached XP level 8. HP: 23/44 MP: 2/8
  5680 | D:6      | Reached skill level 10 in Maces & Flails
  6048 | D:6      | Noticed Starve's ghost (experienced MiSk)
  6065 | D:6      | Killed Starve's ghost
  6065 | D:6      | Reached skill level 11 in Maces & Flails
  6065 | D:6      | Reached XP level 9. HP: 31/48 MP: 3/9
  6508 | D:7      | Found a snail-covered altar of Cheibriados.
  6742 | D:7      | Reached skill level 12 in Maces & Flails
  6918 | D:7      | Noticed Ijyb
  6925 | D:7      | Killed Ijyb
  7049 | D:8      | Noticed Tolias' ghost (experienced DEWr)
  7101 | D:8      | Found Sirghelipt's Food Emporium.
  7354 | D:8      | HP: 1/48 [goliath beetle (21)]
  7360 | D:8      | Reached skill level 13 in Maces & Flails
  7765 | D:8      | Killed Tolias' ghost
  7765 | D:8      | Reached XP level 10. HP: 53/53 MP: 10/10
  8034 | D:9      | Reached skill level 14 in Maces & Flails
  8067 | D:9      | Got a warped flail
  8068 | D:9      | Identified the cursed +2 flail of Rubbish {crush, Str-2 Dex+2} (You found it on level 9 of the Dungeon)
  8224 | D:9      | Found a shadowy altar of Dithmenos.
  8284 | D:9      | Noticed a cyan ugly thing
  8298 | D:9      | Killed a cyan ugly thing
  8401 | D:9      | Found an iron altar of Okawaru.
  8401 | D:9      | Found a shadowy altar of Dithmenos.
  8401 | D:9      | Found a bloodstained altar of Trog.
  8413 | D:9      | Became a worshipper of Warmaster Okawaru
  8789 | D:10     | Entered Level 10 of the Dungeon
  9307 | D:10     | Found a staircase to the Lair.
  9315 | D:10     | Acquired Okawaru's first power
  9379 | D:10     | Reached skill level 15 in Maces & Flails
  9704 | D:10     | Reached XP level 11. HP: 20/57 MP: 11/11
 10037 | D:10     | Noticed an unseen horror
 10064 | D:10     | Killed an unseen horror
 10125 | Lair:1   | Entered Level 1 of the Lair of Beasts
 10126 | Lair:1   | Reached skill level 16 in Maces & Flails
 10144 | Lair:1   | Reached skill level 1 in Armour
 10223 | Lair:1   | Found a dark tunnel.
 10232 | Volcano  | Entered a volcano
 10428 | Volcano  | Noticed a centaur warrior
 10440 | Volcano  | Killed a centaur warrior
 10886 | Lair:1   | Reached skill level 5 in Armour
 10988 | Lair:1   | Reached skill level 5 in Dodging
 11823 | Lair:2   | Reached XP level 12. HP: 41/62 MP: 10/12
 13329 | Lair:3   | Noticed a death yak
 13346 | Lair:3   | Noticed a death yak
 13347 | Lair:3   | Killed a death yak
 13349 | Lair:3   | Noticed a death yak
 13352 | Lair:3   | Noticed a death yak
 13355 | Lair:3   | Killed a death yak
 13363 | Lair:3   | Killed a death yak
 13372 | Lair:3   | Killed a death yak
 13410 | Lair:3   | Acquired Okawaru's second power
 13638 | Lair:3   | Found a staircase to the Swamp.
 13720 | Lair:3   | Reached skill level 1 in Invocations
 14230 | Lair:3   | Received a gift from Okawaru
 14858 | Lair:4   | Reached XP level 13. HP: 62/66 MP: 20/20
 15072 | Lair:4   | Reached skill level 5 in Invocations
 15081 | Lair:4   | Received a gift from Okawaru
 15743 | Lair:5   | Found a staircase to the Snake Pit.
 15776 | Lair:5   | Noticed Maud
 15786 | Lair:5   | Slain by Maud

Action                   |  1- 3 |  4- 6 |  7- 9 | 10-12 | 13-15 || total
-------------------------+-------+-------+-------+-------+-------++-------
Melee: Flail             |   136 |   176 |   290 |    22 |       ||   624
       Morningstar       |       |       |   219 |  1020 |   187 ||  1426
Throw: Throwing net      |       |     3 |       |       |       ||     3
Invok: Heroism           |       |       |       |     8 |     2 ||    10
Evoke: Wand              |       |       |       |     6 |     3 ||     9
  Use: Scroll            |       |    10 |     7 |    11 |       ||    28
       Potion            |       |     1 |     2 |       |       ||     3
  Eat: Bread ration      |     1 |       |     1 |       |     1 ||     3
       Chunk             |       |     2 |     7 |     6 |     1 ||    16
       Meat ration       |       |     1 |       |     2 |       ||     3
       Beef jerky        |       |       |       |     2 |     1 ||     3
       Pizza             |       |       |       |     2 |       ||     2
       Royal jelly       |       |       |       |     1 |       ||     1
